 Dungeon Crawl Stone Soup version 0.29.1-4-g47bece8355 (webtiles) character file.

Game seed: 14838786042647175552

29140 javelincjr the Thaumaturge (level 13, -4/81 HPs)
             Began as a Djinni Conjurer on Dec 8, 2022.
             Was the Champion of Qazlal.
             Killed by divine providence
             ... invoked by Saint Roka
              (12 damage)
             ... on level 2 of the Orcish Mines on Dec 9, 2022.
             The game lasted 02:43:47 (15116 turns).

javelincjr the Thaumaturge (Djinni Conjurer)       Turns: 15116, Time: 02:43:48

Health: -4/81      AC: 17    Str: 10    XL:     13   Next: 78%
Gold:   1943       EV: 13    Int: 29    God:    Qazlal [******] SH:  8 Dex: 12

rFire   + + .      SeeInvis .   E - +9 sling of Guilt {venom, Stlth+}
rCold   x . .      Faith    .   (no shield)
rNeg    + . .      Spirit   .   p - +5 ring mail {rN+}
rPois   ∞          Reflect  .   (helmet restricted)
rElec   .          Harm     .   b - scarf {+Inv}
rCorr   .          Rampage  .   e - +2 pair of gloves
Will    +....                   (boots unavailable)
Stlth   +.........              (no amulet)
HPRegen 1.03/turn               D - ring of wizardry
MPRegen 0.00/turn               l - +6 ring of intelligence

@: flying, hasted, invisible, repel missiles, very quick
A: sickness immunity, fire resistance 2, cold vulnerability 1, float, innate
caster, HP casting, extra vitality 1, beak, iridescent scales 1, frail 1,
regeneration 1, strong 1
a: Renounce Religion, Evoke Invisibility, Upheaval, Elemental Force, Disaster
Area


You were on level 2 of the Orcish Mines.
You worshipped Qazlal.
Qazlal was exalted by your worship.
You visited 3 branches of the dungeon, and saw 16 of its levels.
You also visited: Sewer.

You collected 2125 gold pieces.
You spent 182 gold pieces at shops.

Inventory:

Hand Weapons
 a - a +3 falchion of protection
 i - a +2 hand axe of distortion
 k - a +2 dagger of flaming
 r - a +2 hand axe of electrocution
 u - a +1 shortbow of freezing
 E - the +9 sling of Guilt (weapon) {venom, Stlth+}
   (You found it on level 10 of the Dungeon)

   Any ammunition fired from it poisons the flesh of those it strikes.
   Stlth:     It makes you more stealthy.
 K - a +5 club
 L - a +4 flail of draining
 O - a +1 flail of protection
 Z - a +2 dire flail of holy wrath
Missiles
 d - 5 throwing nets
 g - 19 boomerangs
 m - 20 poisoned darts
 y - a curare-tipped dart
 N - 9 javelins
Armour
 b - a scarf of invisibility (worn)
 e - a +2 pair of gloves (worn)
 p - a +5 ring mail of positive energy (worn)
 w - a +2 robe of positive energy
 C - the +1 robe of the Blind Marksman {+Inv rC++ rN+}
   (You bought it in a shop on level 2 of the Orcish Mines)

   rC:        It greatly protects you from cold.
   rN:        It protects you from negative energy.
   +Inv:      It lets you turn invisible.
 M - a +4 ring mail
 P - a +0 troll leather armour
 R - a +0 buckler
Jewellery
 j - a ring of positive energy
 l - a +6 ring of intelligence (right hand)
 s - a ring of fire
 B - a +4 ring of protection
 D - a ring of wizardry (left hand)
 T - a ring of see invisible
 X - a ring of fire
Wands
 x - a wand of iceblast (3)
 F - a wand of quicksilver (13)
 J - a wand of paralysis (7)
 W - a wand of flame (2)
Scrolls
 h - 9 scrolls of teleportation
 o - 2 scrolls of magic mapping
 q - 3 scrolls of fear
 G - a scroll of enchant weapon
 H - 8 scrolls of identify
 I - a scroll of fog
 U - a scroll of blinking
 Y - a scroll of brand weapon
Potions
 f - 3 potions of might
 n - 4 potions of curing
 t - 2 potions of haste
 z - 3 potions of brilliance
 A - a potion of resistance
 V - a potion of cancellation {unknown}
Miscellaneous
 v - a tin of tremorstones (2/2)


   Skills:
 + Level 7.0 Fighting
 + Level 3.6 Short Blades
 - Level 0.9 Axes
 + Level 5.6 Ranged Weapons
 + Level 1.1 Throwing
 + Level 7.8 Armour
 + Level 9.6 Dodging
 + Level 3.4 Stealth
 + Level 6.5 Shields
 + Level 11.6 Spellcasting
 + Level 0.4 Evocations


You had 3 spell levels left.
You knew the following spells:

 Your Spells              Type           Power      Damage    Failure   Level
a - Magic Dart            Conj           100%       1d8       1%          1
b - Searing Ray           Conj           100%       2d8       1%          2
c - Dazzling Flash        Conj/Hex       100%       N/A       1%          3
d - Fulminant Prism       Conj/Hex       35%        3d18      1%          4
e - Iskenderun's Mystic   Conj/Tloc      71%        2d14      1%          4
f - Freeze                Ice            100%       1d11      1%          1
g - Ensorcelled Hibernat  Hex/Ice        100%       N/A       1%          2
h - Gell's Gravitas       Tloc           71%        N/A       1%          3
i - Summon Guardian Gole  Hex/Summ       71%        N/A       1%          3
j - Airstrike             Air            35%        2d(6-22)  1%          4
k - Fireball              Conj/Fire      35%        3d15      1%          5
Your spell library was empty.

Dungeon Overview and Level Annotations

Branches:
Dungeon (13/15)            Temple (1/1) D:4            Lair (0/5) D:9
    Orc (2/2) D:11            Elf (0/3) Orc:2         Sewer (visited)
 Vaults: D:13-14

Altars:
Ashenzari
Cheibriados
Dithmenos
Elyvilon
Fedhas
Gozag
Hepliaklqana
Makhleb
Nemelex Xobeh
Okawaru
Qazlal
Ru
Trog
Uskayaw
Wu Jian
Xom
Yredelemnul
Zin
The Shining One

Shops:
Orc:2 ([

Annotations:
D:7 Maggie
Orc:2 Saint Roka


Innate Abilities, Weirdness & Mutations

You are immune to sickness and miasma.
You are immune to poison.
Your flesh is very heat resistant. (rF++)
You are vulnerable to cold. (rC-)
You float through the air rather than walking.
You learn spells naturally, not from books.
Your magical power is your life essence.
You have superior vitality. (+4 MHP)
You have a beak for a mouth.
You are partially covered in iridescent scales. (AC +2)
You are frail. (-10% HP)
Your natural rate of healing is unusually fast.
Your muscles are strong. (Str +4, Int/Dex -1)


Message History

You can't see any susceptible monsters within range! (Use Z to cast anyway.)
An orc warrior comes into view. It is wielding a +0 flail.
The orc warrior shouts!
Saint Roka calls down the wrath of Beogh upon you.
Beogh smites you!
* * * LOW HITPOINT WARNING * * *
An orc warrior comes into view. It is wielding a +0 trident.
The orc warrior shouts!
You fade into invisibility!
The orc warrior closely misses you. You block the troll's attack.
The troll claws you.
* * * LOW HITPOINT WARNING * * *
The troll misses you.
An orc wizard comes into view. It is wielding a +0 dagger.
The orc warrior no longer looks unusually strong. x2
The orc warrior closely misses you.
The troll is engulfed in freezing vapours.
Saint Roka roars a battlecry!
The orc warriors go into a battle-frenzy!
The orc warrior no longer looks unusually strong.
The troll is engulfed in freezing vapours.
Saint Roka is engulfed in freezing vapours.
Saint Roka roars a battlecry!
The orc warrior goes into a battle-frenzy!
Saint Roka is engulfed in freezing vapours.
Saint Roka calls down the wrath of Beogh upon you.
Beogh smites you!
* * * LOW HITPOINT WARNING * * *
Saint Roka says, "Down here, you're an orc or you're nobody."
Saint Roka calls down the wrath of Beogh upon you.
Beogh smites you!
* * * LOW HITPOINT WARNING * * *
Saint Roka says, "Down here, you're an orc or you're nobody."
Saint Roka roars a battlecry!
The orc warrior goes into a battle-frenzy!
You feel yourself speed up.
The orc warrior no longer looks unusually strong.
Saint Roka calls down the wrath of Beogh upon you.
Beogh smites you!
You die...

## ##### ### #
.###.#.####.### ##
......o.......## #.
)....#....o....## #.
...o....).#o....# ..
..#.......#....## ..
..........oo.### ..
............o.######## ..
.......#....oo..@....# ..
...............#####..# ..
............##.#...# ..
.#............#._.# #.
..........'...# # ..
.#........#####...# #####
.................##..###._.#
...........##.#.....##∩...[.
.......#...##...#..###8...8


You could see Saint Roka (unable to see you) and 4 orc warriors.

Vanquished Creatures
  An orc warlord (Orc:2)
  The ghost of Ebel the Cleaver, a journeyman MiBe of Trog (D:11)
  A boulder beetle (D:11)
  A hydra (D:12)
  Erica (Orc:1)
  A centaur warrior (D:12)
  A two-headed ogre (D:9)
  3 orc high priests (Orc:1)
  Lodul (D:12)
  4 orc knights
  An orc sorcerer (Orc:1)
  An ugly thing (D:11)
  An unseen horror (D:10)
  A gargoyle (D:11)
  2 komodo dragons
  14 trolls
  3 shadows
  4 centaur simulacra (D:11)
  2 wraiths
  4 yaks (D:9)
  3 wyverns
  2 steam dragons (D:8)
  4 vampire mosquitoes
  Menkaure (D:5)
  4 wargs
  Edmund (D:5)
  5 water moccasins
  4 ice beasts
  Pargi (Sewer)
  39 orc warriors
  3 sky beasts (D:8)
  4 black bears
  14 ogres
  15 centaurs
  2 kobold brigands
  8 bullfrogs
  3 gnoll sergeants
  6 scorpions
  6 wights
  15 killer bees
  7 howler monkeys
  7 hounds
  3 jellies
  2 gnoll boudas
  23 orc priests
  Natasha (thrice) (D:4)
  3 iguanas
  22 orc wizards
  Ijyb (D:5)
  21 gnolls
  5 adders
  2 white imps
  An ufetubus (D:4)
  A worm (D:2)
  3 dart slugs
  92 orcs
  10 ball pythons
  5 endoplasms
  3 giant cockroaches
  7 goblins
  8 hobgoblins
  3 jackals (D:3)
  13 kobolds
  2 quokkas
  5 bats
  11 frilled lizards
  2 rats
453 creatures vanquished.

Vanquished Creatures (others)
  91 fulminant prisms
  45 fungi
  29 plants (D:9)
  A withered plant (D:7)
166 creatures vanquished.

Grand Total: 619 creatures vanquished

Notes
Turn   | Place    | Note
-------+----------+-------------------------------------------
     0 | D:1      | javelincjr the Djinni Conjurer began the quest for the Orb.
     0 | D:1      | javelincjr set off with the following spells memorised:
                  | Magic Dart, Searing Ray, Dazzling Flash, Fulminant Prism,
                  | Iskenderun's Mystic Blast.
     0 | D:1      | Reached XP level 1. HP: 15/15 MP: 0/0
   246 | D:2      | Reached XP level 2. HP: 1/21 MP: 0/0
   922 | D:2      | Reached XP level 3. HP: 20/25 MP: 0/0
   922 | D:2      | Learned a level 1 spell: Freeze
  1302 | D:2      | Reached skill level 4 in Spellcasting
  1557 | D:2      | Found a faded altar of an unknown god.
  1885 | D:3      | Found a glowing drain.
  1891 | Sewer    | Entered a sewer
  2009 | Sewer    | Noticed Pargi
  2053 | Sewer    | Killed Pargi
  2054 | Sewer    | Reached skill level 1 in Fighting
  2054 | Sewer    | Reached XP level 4. HP: 14/32 MP: 0/0
  2054 | Sewer    | Reached XP level 5. HP: 16/37 MP: 0/0
  2054 | Sewer    | Learned a level 2 spell: Ensorcelled Hibernation
  2630 | D:2      | Identified a scroll of acquirement
  2630 | D:2      | Acquired a scarf of invisibility
  3662 | D:4      | Reached skill level 1 in Short Blades
  3662 | D:4      | Reached skill level 1 in Armour
  3662 | D:4      | Reached XP level 6. HP: 35/42 MP: 0/0
  3728 | D:4      | Found a staircase to the Ecumenical Temple.
  3771 | Temple   | Entered the Ecumenical Temple
  3816 | Temple   | Became a worshipper of Qazlal Stormbringer
  4143 | D:4      | Reached XP level 7. HP: 36/47 MP: 0/0
  4143 | D:4      | Learned a level 3 spell: Gell's Gravitas
  4239 | D:5      | Entered Level 5 of the Dungeon
  4306 | D:6      | Reached skill level 5 in Spellcasting
  4432 | D:7      | Noticed Maggie
  4594 | D:4      | Noticed Natasha
  4599 | D:4      | Killed Natasha
  4601 | D:4      | Reached * piety under Qazlal
  4666 | D:4      | Noticed Natasha
  4675 | D:4      | Killed Natasha
  5048 | D:4      | Noticed Natasha
  5061 | D:4      | Killed Natasha
  5062 | D:4      | Reached XP level 8. HP: 47/54 MP: 0/0
  5270 | D:5      | Found a snail-covered altar of Cheibriados.
  5271 | D:5      | Noticed Ijyb
  5295 | D:5      | Killed Ijyb
  5447 | D:5      | Noticed Edmund
  5460 | D:5      | Killed Edmund
  5747 | D:5      | Noticed Menkaure
  5754 | D:5      | Killed Menkaure
  6053 | D:5      | Reached skill level 6 in Spellcasting
  6053 | D:5      | Reached XP level 9. HP: 42/59 MP: 0/0
  6053 | D:5      | Learned a level 3 spell: Summon Guardian Golem
  6055 | D:5      | Gained mutation: You are frail. (-10% HP) [potion of
                  | mutation]
  6055 | D:5      | Gained mutation: You are dopey. (Int -2) [potion of
                  | mutation]
  6055 | D:5      | Gained mutation: Your movements are slightly less
                  | encumbered by armour. (ER -2) [potion of mutation]
  6055 | D:5      | Gained mutation: You have a pair of small horns on your
                  | head. [potion of mutation]
  6233 | D:5      | Identified the +0 chain mail of Past Mistakes {rN+ Int+2}
  6247 | D:5      | Reached skill level 5 in Armour
  7629 | D:7      | Reached skill level 5 in Dodging
  7651 | D:7      | Lost mutation: You are dopey. (Int -2) [potion of mutation]
  7651 | D:7      | Lost mutation: You have a pair of small horns on your head.
                  | [potion of mutation]
  7651 | D:7      | Lost mutation: Your movements are slightly less encumbered
                  | by armour. (ER -2) [potion of mutation]
  7651 | D:7      | Gained mutation: You have a somewhat thin skeletal
                  | structure. (Dex +2, Stealth+) [potion of mutation]
  7651 | D:7      | Gained mutation: You are partially covered in large bone
                  | plates. (SH +4) [potion of mutation]
  7651 | D:7      | Gained mutation: You have a beak for a mouth. [potion of
                  | mutation]
  7662 | D:7      | Found a basalt altar of Yredelemnul.
  7996 | D:7      | Reached ** piety under Qazlal
  8212 | D:7      | Reached skill level 1 in Shields
  8223 | D:7      | Reached XP level 10. HP: 36/60 MP: 0/0
  8819 | D:7      | Lost mutation: You are partially covered in large bone
                  | plates. (SH +4) [potion of mutation]
  8819 | D:7      | Lost mutation: You have a somewhat thin skeletal structure.
                  | (Dex +2, Stealth+) [potion of mutation]
  8819 | D:7      | Gained mutation: You are partially covered in iridescent
                  | scales. (AC +2) [potion of mutation]
  8819 | D:7      | Gained mutation: Your natural rate of healing is unusually
                  | fast. [potion of mutation]
  8819 | D:7      | Gained mutation: Your muscles are strong. (Str +4, Int/Dex
                  | -1) [potion of mutation]
  8928 | D:8      | Reached skill level 1 in Throwing
  9268 | D:8      | Reached *** piety under Qazlal
  9425 | D:8      | Found a shadowy altar of Dithmenos.
  9504 | D:8      | Reached skill level 5 in Fighting
  9537 | D:8      | Reached skill level 7 in Spellcasting
  9598 | D:8      | Found a bloodstained altar of Trog.
  9845 | D:9      | Noticed a komodo dragon
  9861 | D:9      | Killed a komodo dragon
  9877 | D:9      | Reached XP level 11. HP: 61/67 MP: 0/0
  9877 | D:9      | Learned a level 4 spell: Airstrike
  9904 | D:10     | Entered Level 10 of the Dungeon
 10045 | D:9      | Found a staircase to the Lair.
 10307 | D:10     | Reached skill level 1 in Ranged Weapons
 10395 | D:9      | Found a glowing golden altar of the Shining One.
 10411 | D:9      | Reached **** piety under Qazlal
 10549 | D:9      | Noticed a two-headed ogre
 10564 | D:9      | Killed a two-headed ogre
 10565 | D:9      | Reached skill level 5 in Shields
 11537 | D:10     | Found an iron altar of Okawaru.
 11747 | D:10     | Found a shimmering altar of Xom.
 11747 | D:10     | Found a shimmering altar of Xom.
 11748 | D:10     | Found a shimmering altar of Xom.
 11748 | D:10     | Found a shimmering altar of Xom.
 11829 | D:10     | Identified the +9 sling of Guilt {venom, Stlth+}
 11904 | D:10     | Found a white marble altar of Elyvilon.
 11919 | D:10     | Found a hide-covered altar of Uskayaw.
 11979 | D:10     | Found a burning altar of Makhleb.
 12226 | D:11     | Reached skill level 8 in Spellcasting
 12344 | D:12     | Noticed a four-headed hydra
 12352 | D:12     | Killed a four-headed hydra
 12353 | D:12     | Reached XP level 12. HP: 70/74 MP: 0/0
 12437 | D:12     | Noticed Lodul
 12449 | D:12     | Killed Lodul
 12450 | D:12     | Reached skill level 9 in Spellcasting
 12730 | D:12     | Noticed a centaur warrior
 12740 | D:12     | Killed a centaur warrior
 12740 | D:12     | Reached ***** piety under Qazlal
 12941 | D:11     | Noticed a boulder beetle
 12963 | D:11     | Killed a boulder beetle
 13024 | D:11     | Found a runed translucent gate.
 13024 | D:11     | Found a runed translucent gate.
 13024 | D:11     | Found a runed translucent gate.
 13215 | D:11     | Found a staircase to the Orcish Mines.
 13259 | D:11     | Noticed Ebel's ghost (journeyman MiBe)
 13283 | D:11     | Reached skill level 10 in Spellcasting
 13332 | D:11     | Killed Ebel's ghost
 13669 | Orc:1    | Entered Level 1 of the Orcish Mines
 13767 | D:11     | Reached XP level 13. HP: 47/79 MP: 0/0
 13767 | D:11     | Learned a level 5 spell: Fireball
 13995 | Orc:1    | Reached skill level 11 in Spellcasting
 14094 | Orc:1    | Noticed Erica
 14112 | Orc:1    | Killed Erica
 14369 | Orc:2    | Entered Level 2 of the Orcish Mines
 14380 | Orc:2    | Reached ****** piety under Qazlal
 14406 | Orc:2    | Found a staircase to the Elven Halls.
 14439 | Orc:2    | Noticed an orc warlord
 14447 | Orc:2    | Reached skill level 5 in Ranged Weapons
 14626 | Orc:2    | Killed an orc warlord
 14961 | Orc:2    | Found Paicejus's Antique Weapon Shop.
 14964 | Orc:2    | Found Hotyicor's Antique Armour Boutique.
 14985 | Orc:2    | Bought a brightly glowing robe for 182 gold pieces
 14985 | Orc:2    | Identified the +1 robe of the Blind Marksman {+Inv rC++
                  | rN+} (You bought it in a shop on level 2 of the Orcish
                  | Mines)
 15089 | Orc:2    | Noticed Saint Roka
 15116 | Orc:2    | Killed from afar by Saint Roka

Illustrated notes

Levels and vault maps discovered:
D:1:      minmay_arrival_radiant_lines, layout_rooms
D:2:      layout_rooms, shapermc_ecumenical_altar_ellora, minmay_hexomino_c4
D:3:      layout_basic, mainiacjoe_overflow_alcove_4, serial_co_window_serial,
          co_window_corner_a, co_window_of_opportunity_a, co_window_corner_a,
          co_window_corner_a, co_window_corner_a, co_window_corner_cb,
          co_window_paths_c, co_window_of_opportunity_c, co_window_cross_2,
          co_window_unsneaky_path_d, co_window_corner_cb, co_window_paths_d,
          glass_columns_b, glass_columns_a, portal_sewer_entry_e
D:4:      layout_loops_ring, minmay_temple_entry_offerings, uniq_natasha
D:5:      minmay_inner_zag, layout_loops_ring, mainiacjoe_overflow_chevrons,
          uniq_edmund, uniq_ijyb, uniq_menkaure
D:6:      layout_loops_ring
D:7:      layout_cave_pools, yredelemnul_altar_generic, uniq_maggie
D:8:      minmay_polygon_palace, layout_basic, mainiacjoe_overflow_24_doors,
          trog_hazing_becter
D:9:      layout_layer_cave, old_standard_altar, due_lair_maze_entry_diamond,
          minmay_misc_feat_four_crosses
D:10:     layout_loops_corners, nicolae_uskayaw_suspiria, kennysheep_little_box,
          lemuel_doored_altar, old_standard_altar, xom_shifter_show,
          st_stairs_8, minmay_between
D:11:     layout_irregular_city, orc_0_dummy, gammafunk_ghost_icy,
          small_statue_intersection
D:12:     layout_basic, kennysheep_potato, uniq_lodul
D:13:     mludivico_vault, layout_rooms, uniq_frances, uniq_jorgrun
Temple:   minmay_freezing_vapour_temple
Orc:1:    layout_caves, special_room [special_room_orc],
          statue_in_the_mist_lemuel, bh_open_orc_temple, uniq_erica
Orc:2:    grunt_orc_community_town_hall, layout_caves,
          grunt_orc_community_big_house_1, grunt_orc_community_big_house_2,
          grunt_orc_community_house_2, grunt_orc_community_house_1,
          grunt_orc_community_house_3, grunt_orc_community_house_2,
          grunt_orc_community_house_2, grunt_orc_community_house_1,
          uniq_saint_roka

Skill      XL: |  1  2  3  4  5  6  7  8  9 10 11 12 13 |
---------------+----------------------------------------+-----
Spellcasting   | 4 5 6 7 8 10 11 | 11.6
Fighting       | 1 2 3 5 6 7 |  7.0
Short Blades   | 1 2 3 |  3.6
Armour         | 1 2 3 4 5 6 7 |  7.8
Dodging        | 3 4 6 7 9 |  9.6
Stealth        | 2 3 |  3.4
Shields        | 2 4 5 6 |  6.5
Throwing       | 1 |  1.1
Ranged Weapons | 1 3 5 |  5.6
Axes           | |  0.9
Evocations     | |  0.4

Action                   |  1- 3 |  4- 6 |  7- 9 | 10-12 | 13-15 || total
-------------------------+-------+-------+-------+-------+-------++-------
Melee: Dagger            |    34 |    59 |    37 |       |       ||   130
       Hand axe          |    16 |    17 |       |       |       ||    33
       Punch             |     1 |       |     4 |       |       ||     5
       Club              |       |       |    40 |       |       ||    40
       Flail             |       |       |    67 |   135 |       ||   202
       Headbutt          |       |       |    10 |       |       ||    10
       Peck              |       |       |     3 |    19 |       ||    22
 Fire: Shortbow          |       |       |       |     5 |       ||     5
       Sling             |       |       |       |    46 |    96 ||   142
Throw: Boomerang         |       |       |     8 |     1 |       ||     9
 Cast: Magic Dart        |    42 |    21 |    13 |    27 |     2 ||   105
       Searing Ray       |     3 |     6 |    32 |    43 |       ||    84
       Freeze            |       |     2 |    12 |    10 |       ||    24
       Ensorcelled Hiber |       |       |     1 |     3 |       ||     4
       Fulminant Prism   |       |       |     2 |    39 |    50 ||    91
       Dazzling Flash    |       |       |     2 |       |       ||     2
       Iskenderun's Myst |       |       |     1 |    63 |    35 ||    99
       Airstrike         |       |       |       |    37 |     7 ||    44
       Gell's Gravitas   |       |       |       |     1 |       ||     1
       Fireball          |       |       |       |       |    11 ||    11
Evoke: Wand              |       |       |     1 |       |     1 ||     2
       Tin of tremorston |       |       |       |     1 |       ||     1
  Use: Scroll            |       |    14 |     6 |     4 |     2 ||    26
       Potion            |       |     3 |     5 |     3 |     4 ||    15
 Stab: Invisible         |       |       |     1 |       |       ||     1
Armor: Robe              |     5 |       |       |       |       ||     5
       Ring mail         |    12 |    69 |   123 |   175 |     9 ||   388
Dodge: Dodged            |    43 |    35 |   143 |   175 |    15 ||   411
       Repelled          |       |       |       |     1 |       ||     1
Block: Other             |       |       |    25 |    85 |    18 ||   128
